[Event "4NCL Div 2 2024-25"]
[Site "England"]
[Date "2024.11.23"]
[Round "1.1"]
[White "Hobson, Kenneth"]
[Black "Dunn, Maxim"]
[Result "1/2-1/2"]
[ECO "B90"]
[WhiteElo "2152"]
[BlackElo "1934"]
[Annotator "RC"]
[PlyCount "64"]
[EventDate "2024.11.23"]
[EventType "team-tourn"]
[EventCountry "ENG"]
[SourceTitle "playchess.com"]
[Source "ChessBase"]
[SourceQuality "1"]
[TimeControl "40/6000+30:3000+30"]

1. e4 c5 2. Nf3 d6 3. d4 cxd4 4. Nxd4 Nf6 5. Nc3 a6 6. Qd3 g6 7. Bg5 Bg7 8. Be2 O-O 9. f4 Nc6 10. Nxc6 bxc6 11. O-O a5 12. Qe3 Rb8 13. b3 Re8 14. f5 Qb6 15. Rad1 Nd7 16. Qxb6 Nxb6 17. f6 h6 18. Bh4 g5 19. fxg7 gxh4 20. Rf4 Kxg7 21. Rxh4 Nd7 22. Bg4 Ne5 23. Bxc8 Rexc8 24. Ne2 Ng6 25. Rh5 Rb5 26. Rxb5 cxb5 27. Nd4 b4 28. Nf5+ Kf6 29. Rd2 h5 30. Nh6 Kg7 31. Nf5+ Kf6 32. Nh6 Kg7 1/2-1/2

[Event "4NCL Div 2 2024-25"]
[Site "England"]
[Date "2024.11.23"]
[Round "1.2"]
[White "Cole, James"]
[Black "Khoury, Theo"]
[Result "1/2-1/2"]
[ECO "B53"]
[WhiteElo "1974"]
[BlackElo "2194"]
[Annotator "RC"]
[PlyCount "45"]
[EventDate "2024.11.23"]
[EventType "team-tourn"]
[EventCountry "ENG"]
[SourceTitle "playchess.com"]
[Source "ChessBase"]
[SourceQuality "1"]
[TimeControl "40/6000+30:3000+30"]

1. e4 c5 2. Nf3 d6 3. d4 cxd4 4. Qxd4 Nc6 5. Bb5 Bd7 6. Bxc6 Bxc6 7. Nc3 Nf6 8. Bg5 e6 9. O-O-O Be7 10. Qd3 Qa5 11. h4 h6 12. Bd2 Qa6 13. Qxa6 bxa6 14. Rde1 Rc8 15. Nd4 Bb7 16. f3 Nd7 17. Nb3 Ne5 18. Be3 Nc6 19. Rd1 O-O 20. Nd4 Ne5 21. Nb3 Nc6 22. Nd4 Ne5 23. Nb3 1/2-1/2

[Event "4NCL Div 2 2024-25"]
[Site "England"]
[Date "2024.11.23"]
[Round "1.3"]
[White "Zakarian, Dimitrios Levon"]
[Black "Moore, Gerald"]
[Result "1-0"]
[ECO "A80"]
[WhiteElo "1968"]
[BlackElo "2033"]
[Annotator "NA RC"]
[PlyCount "63"]
[EventDate "2024.11.23"]
[EventType "team-tourn"]
[EventCountry "ENG"]
[SourceTitle "playchess.com"]
[Source "ChessBase"]
[SourceQuality "1"]
[TimeControl "40/6000+30:3000+30"]

1. d4 f5 2. Bg5 g6 3. Nc3 Bg7 4. e4 fxe4 5. Nxe4 d5 6. Ng3 c5 7. Nf3 Nc6 8. c3 cxd4 9. Nxd4 Nxd4 10. cxd4 Qa5+ 11. Bd2 Qb6 12. Bc3 Nh6 13. Be2 O-O 14. Bf3 e6 15. O-O Bd7 16. Re1 Rf7 17. Qd2 Raf8 18. Rad1 Qd8 19. Re3 Nf5 20. Nxf5 Rxf5 21. Qe2 Qh4 22. a4 Bxa4 23. Ra1 Bd7 24. Rxa7 Bxd4 25. Bxd4 Qxd4 26. Rxb7 Bc8 27. Rc7 Qb6 28. Rec3 Ba6 29. Qe1 Bc4 30. Re7 R5f6 31. b3 Bxb3 32. Qb1 1-0

[Event "4NCL Div 2 2024-25"]
[Site "England"]
[Date "2024.11.23"]
[Round "1.4"]
[White "Sagues, Vincent"]
[Black "Pozimski, Szymon"]
[Result "0-1"]
[ECO "B01"]
[WhiteElo "1973"]
[BlackElo "2003"]
[Annotator "NA RC"]
[PlyCount "158"]
[EventDate "2024.11.23"]
[EventType "team-tourn"]
[EventCountry "ENG"]
[SourceTitle "playchess.com"]
[Source "ChessBase"]
[SourceQuality "1"]
[TimeControl "40/6000+30:3000+30"]

1. e4 d5 2. exd5 Qxd5 3. Nc3 Qd6 4. d4 Nf6 5. Nf3 g6 6. g3 Bg4 7. Bg2 Qe6+ 8. Qe2 Qxe2+ 9. Nxe2 c6 10. h3 Bf5 11. c3 Be4 12. O-O Bg7 13. Bf4 Nbd7 14. Rfe1 O-O 15. Ne5 Bxg2 16. Kxg2 Rad8 17. Nxd7 Rxd7 18. Be5 Nd5 19. Bxg7 Kxg7 20. Nc1 e6 21. Nd3 Rfd8 22. Ne5 Rc7 23. Rad1 Nb6 24. f4 Na4 25. Nd3 Rcd7 26. Rc1 Rc7 27. b3 Nb6 28. Nc5 Nd7 29. Nxd7 Rcxd7 30. Re5 b6 31. b4 Ra8 32. Rce1 Rb7 33. R1e2 a5 34. bxa5 bxa5 35. a4 Rb3 36. Rc5 Ra3 37. Rb2 Rxa4 38. Rxc6 Ra7 39. Rbb6 Ra2+ 40. Kf3 Rc2 41. Rb3 Ra2 42. Rbb6 a4 43. Ke4 Re2+ 44. Kd3 Rg2 45. c4 Rxg3+ 46. Ke4 a3 47. Ra6 Rd7 48. d5 exd5+ 49. cxd5 Rxh3 50. d6 Kf6 51. Kd5 Rd3+ 52. Ke4 Rd1 53. f5 gxf5+ 54. Kf4 Rd4+ 55. Ke3 Re4+ 56. Kf3 Re6 57. Kf4 h5 58. Rxa3 Rdxd6 59. Rc8 Rd4+ 60. Kf3 Kg5 61. Rg8+ Rg6 62. Rf8 Rf4+ 63. Kg3 Rg4+ 64. Kh3 f6 65. Ra7 Re4 66. Rh8 Re3+ 67. Kg2 Kg4 68. Kf2 Rb3 69. Ra1 Rb2+ 70. Ke3 f4+ 71. Kd3 Rb3+ 72. Ke2 f5 73. Rg1+ Rg3 74. Rh1 f3+ 75. Ke3 Rg5 76. Ra1 f4+ 77. Ke4 f2 78. Rf8 Re3+ 79. Kd4 Re2 0-1

[Event "4NCL Div 2 2024-25"]
[Site "England"]
[Date "2024.11.23"]
[Round "1.5"]
[White "Manley, Jon P"]
[Black "Hughes, Roy"]
[Result "1-0"]
[ECO "B01"]
[WhiteElo "2072"]
[BlackElo "2008"]
[Annotator "NA RC"]
[PlyCount "109"]
[EventDate "2024.11.23"]
[EventType "team-tourn"]
[EventCountry "ENG"]
[SourceTitle "playchess.com"]
[Source "ChessBase"]
[SourceQuality "1"]
[TimeControl "40/6000+30:3000+30"]

1. e4 d5 2. exd5 Qxd5 3. Nc3 Qd6 4. d4 Nf6 5. Nf3 c6 6. Ne5 Nbd7 7. Nc4 Qc7 8. g3 Nb6 9. Bf4 Qd8 10. Ne5 Nbd5 11. Bd2 Bf5 12. g4 Be6 13. Bg2 g6 14. Qe2 Qb6 15. Nxd5 cxd5 16. c3 Bg7 17. O-O Rd8 18. f4 Bc8 19. b3 a6 20. Rae1 O-O 21. Kh1 h5 22. h3 Rfe8 23. f5 hxg4 24. fxg6 fxg6 25. hxg4 Nh7 26. Nf7 Rd7 27. Ng5 Nxg5 28. Bxg5 e5 29. dxe5 Bxe5 30. Bh6 Qd6 31. g5 Rde7 32. Qd3 Bf5 33. Qxd5+ Qxd5 34. Bxd5+ Kh7 35. c4 Bd6 36. Rxe7+ Rxe7 37. Bf8 Rd7 38. Bxd6 Rxd6 39. Bxb7 Rd2 40. Rc1 Rxa2 41. Bd5 a5 42. Re1 a4 43. Re7+ Kh8 44. bxa4 Rxa4 45. Kg2 Ra3 46. Kf2 Rc3 47. Re3 Rc1 48. Rg3 Kg7 49. Ke3 Kf8 50. Kd4 Ke7 51. Kc5 Kd7 52. Ra3 Rb1 53. Ra7+ Kc8 54. Kc6 Rb8 55. Rh7 1-0

[Event "4NCL Div 2 2024-25"]
[Site "England"]
[Date "2024.11.23"]
[Round "1.6"]
[White "Gibbs, Dominic V"]
[Black "Murawski, Jan"]
[Result "1-0"]
[ECO "C88"]
[WhiteElo "1980"]
[BlackElo "2065"]
[Annotator "NA RC"]
[PlyCount "75"]
[EventDate "2024.11.23"]
[EventType "team-tourn"]
[EventCountry "ENG"]
[SourceTitle "playchess.com"]
[Source "ChessBase"]
[SourceQuality "1"]
[TimeControl "40/6000+30:3000+30"]

1. e4 e5 2. Nf3 Nc6 3. Bb5 a6 4. Ba4 Nf6 5. O-O Be7 6. Re1 b5 7. Bb3 O-O 8. a4 Bb7 9. d3 d6 10. Nbd2 Nb8 11. axb5 axb5 12. Rxa8 Bxa8 13. Nf1 Nbd7 14. c3 Nc5 15. Bc2 Re8 16. Ng3 Bf8 17. b4 Ncd7 18. Bb3 g6 19. Qe2 Bg7 20. Qa2 Rf8 21. Ng5 d5 22. exd5 h6 23. Nf3 c6 24. c4 cxd5 25. cxd5 Nb6 26. Qa5 Nfxd5 27. Qxb5 Nf4 28. Bxf4 exf4 29. Ne4 Kh7 30. h4 Nd5 31. Qc5 f5 32. Nd6 Nf6 33. Nxf5 gxf5 34. Qxf5+ Kh8 35. Ne5 Bd5 36. Ng6+ Kg8 37. Bxd5+ Qxd5 38. Ne7+ 1-0

[Event "4NCL Div 2 2024-25"]
[Site "England"]
[Date "2024.11.23"]
[Round "1.7"]
[White "Hariharan, Shambavi"]
[Black "Gilmore, Simon N"]
[Result "1/2-1/2"]
[ECO "E16"]
[WhiteElo "1940"]
[BlackElo "1959"]
[Annotator "NA"]
[PlyCount "78"]
[EventDate "2024.11.23"]
[EventType "team-tourn"]
[EventCountry "ENG"]
[SourceTitle "playchess.com"]
[Source "ChessBase"]
[SourceQuality "1"]
[TimeControl "40/6000+30:3000+30"]

1. d4 Nf6 2. c4 e6 3. Nf3 b6 4. g3 Ba6 5. Nbd2 Be7 6. Bg2 Bb7 7. O-O O-O 8. Qc2 d5 9. Ne5 c6 10. Rd1 Nfd7 11. Nxd7 Nxd7 12. e4 Rc8 13. Qa4 Qc7 14. Nb1 dxc4 15. Qxc4 c5 16. Bf4 Bd6 17. Bxd6 Qxd6 18. Nc3 Rfd8 19. e5 Qb8 20. Bxb7 Qxb7 21. Nb5 Rb8 22. Nd6 Qc6 23. f4 b5 24. Qc3 c4 25. b3 Nb6 26. bxc4 Nxc4 27. Rac1 Qd5 28. Nxc4 bxc4 29. Qxc4 Qe4 30. Qd3 Qd5 31. Rc2 Rb4 32. Qc3 Ra4 33. a3 g6 34. Rcd2 Rc4 35. Qb3 Rdc8 36. a4 Qe4 37. Qd3 Qd5 38. Qb3 Qe4 39. Qd3 Qd5 1/2-1/2

[Event "4NCL Div 2 2024-25"]
[Site "England"]
[Date "2024.11.23"]
[Round "1.8"]
[White "Latypova, Olga L"]
[Black "Udovenko, Daniel"]
[Result "0-1"]
[ECO "B90"]
[WhiteElo "1831"]
[BlackElo "1941"]
[Annotator "NA RC"]
[PlyCount "116"]
[EventDate "2024.11.23"]
[EventType "team-tourn"]
[EventCountry "ENG"]
[SourceTitle "playchess.com"]
[Source "ChessBase"]
[SourceQuality "1"]
[TimeControl "40/6000+30:3000+30"]

1. e4 c5 2. Nf3 d6 3. d4 cxd4 4. Nxd4 Nf6 5. Nc3 a6 6. f3 e5 7. Nb3 Be6 8. Be3 Be7 9. Qd2 Nbd7 10. O-O-O O-O 11. g4 b5 12. Kb1 Nb6 13. Qf2 Rb8 14. g5 Nh5 15. h4 Qc7 16. Nd5 Bxd5 17. exd5 Nc4 18. Bc1 a5 19. Nd2 a4 20. Ne4 b4 21. Bd3 Rfc8 22. b3 Na3+ 23. Bxa3 bxa3 24. Qd2 g6 25. Ba6 Rd8 26. Qc3 Qa7 27. Qc4 axb3 28. cxb3 Rb6 29. Bb5 Rdb8 30. Bc6 Rb4 31. Qc3 Kg7 32. Rh2 Qa5 33. Rc2 Nf4 34. Nf2 Qa7 35. Ne4 R8b6 36. Re1 Qb8 37. Nd2 Rd4 38. Re4 Nxd5 39. Bxd5 Rxd5 40. f4 Rc5 41. Nc4 Rbb5 42. Ree2 Rb4 43. Qd3 Rcb5 44. Rc3 Kg8 45. Nxa3 Rb7 46. fxe5 Rxh4 47. Rec2 Rh1+ 48. Kb2 Qa7 49. Rc8+ Kg7 50. exd6 Bxg5 51. Nb5 Bf6+ 52. Nc3 Rd7 53. Qg3 Qa6 54. Rc4 Rxd6 55. Ra4 Qb6 56. a3 Rdd1 57. b4 Rb1+ 58. Ka2 Qe6+ 0-1

[Event "4NCL Div 2 2024-25"]
[Site "England"]
[Date "2024.11.23"]
[Round "1.9"]
[White "Gallana, Marco"]
[Black "Korshunov, Sergey And."]
[Result "0-1"]
[ECO "D41"]
[WhiteElo "2216"]
[BlackElo "2330"]
[Annotator "RC"]
[PlyCount "102"]
[EventDate "2024.11.23"]
[EventType "team-tourn"]
[EventCountry "ENG"]
[SourceTitle "playchess.com"]
[Source "ChessBase"]
[SourceQuality "1"]
[TimeControl "40/6000+30:3000+30"]

1. c4 c5 2. Nf3 Nf6 3. Nc3 Nc6 4. e3 e6 5. d4 d5 6. cxd5 Nxd5 7. Bb5 cxd4 8. exd4 Be7 9. O-O O-O 10. Re1 a6 11. Bd3 Bf6 12. Be4 Nce7 13. Bg5 Bxg5 14. Nxg5 Nf6 15. Bc2 Nc6 16. Nf3 b6 17. a3 Bb7 18. Qd3 Ne7 19. Rad1 Ng6 20. Qe3 Ng4 21. Qd3 Nf6 22. Qe3 Ng4 23. Qd3 Rc8 24. Bb1 Nf6 25. Qe3 Ng4 26. Qd3 Nf6 27. Qe3 Nd5 28. Nxd5 Qxd5 29. Rc1 a5 30. Qd2 Qh5 31. Be4 Rxc1 32. Qxc1 Rc8 33. Qe3 Bxe4 34. Qxe4 Qb5 35. h4 h6 36. Qg4 Qxb2 37. h5 Nf8 38. Qf4 Qxa3 39. Ne5 Qe7 40. Re3 Nd7 41. Nd3 Qg5 42. Qf3 Qd5 43. Qxd5 exd5 44. Re7 Rd8 45. Ne5 Nxe5 46. dxe5 Ra8 47. Rb7 Ra6 48. f4 a4 49. f5 a3 50. e6 fxe6 51. fxe6 a2 0-1

[Event "4NCL Div 2 2024-25"]
[Site "England"]
[Date "2024.11.23"]
[Round "1.10"]
[White "Wilks, Simon"]
[Black "Pein, Jonathan"]
[Result "0-1"]
[ECO "B01"]
[WhiteElo "2078"]
[BlackElo "2249"]
[Annotator "RC"]
[PlyCount "78"]
[EventDate "2024.11.23"]
[EventType "team-tourn"]
[EventCountry "ENG"]
[SourceTitle "playchess.com"]
[Source "ChessBase"]
[SourceQuality "1"]
[TimeControl "40/6000+30:3000+30"]

1. e4 d5 2. exd5 Qxd5 3. Nc3 Qa5 4. d4 Nf6 5. Nf3 Nc6 6. d5 Nb4 7. Bc4 Bg4 8. a3 Bxf3 9. gxf3 O-O-O 10. Bd2 Qc5 11. axb4 Qxc4 12. Rxa7 Nxd5 13. b3 Qd4 14. Qa1 e6 15. Ra8+ Kd7 16. Qa4+ c6 17. Rxd8+ Kxd8 18. Qa8+ Kc7 19. Qa5+ Kd7 20. Nxd5 exd5 21. b5 Bd6 22. bxc6+ bxc6 23. Bc3 Qf4 24. Kf1 Qxf3 25. Rg1 Qd1+ 26. Kg2 Qg4+ 27. Kf1 Qh3+ 28. Ke2 Re8+ 29. Kd1 Qxh2 30. Qa7+ Bc7 31. f3 g6 32. Ba5 Qe2+ 33. Kc1 Qe3+ 34. Qxe3 Rxe3 35. Bxc7 Kxc7 36. Rf1 h5 37. f4 Kd6 38. Kd2 d4 39. f5 g5 0-1

[Event "4NCL Div 2 2024-25"]
[Site "England"]
[Date "2024.11.23"]
[Round "1.11"]
[White "Horton, Jamie A"]
[Black "Nicholas, Koichi B"]
[Result "1-0"]
[ECO "E36"]
[WhiteElo "2163"]
[BlackElo "2089"]
[Annotator "RC"]
[PlyCount "85"]
[EventDate "2024.11.23"]
[EventType "team-tourn"]
[EventCountry "ENG"]
[SourceTitle "playchess.com"]
[Source "ChessBase"]
[SourceQuality "1"]
[TimeControl "40/6000+30:3000+30"]

1. d4 Nf6 2. c4 e6 3. Nc3 Bb4 4. Qc2 O-O 5. a3 Bxc3+ 6. Qxc3 d5 7. Bg5 c5 8. dxc5 d4 9. Qc2 h6 10. Bxf6 Qxf6 11. g3 Nd7 12. Rd1 e5 13. b4 Qc6 14. Nf3 d3 15. Rxd3 Nxc5 16. Rd5 Nd7 17. Bg2 Re8 18. O-O Qf6 19. c5 Nf8 20. Rd6 Be6 21. Rfd1 Ng6 22. h4 Rab8 23. Nd2 Qe7 24. Nc4 Bxc4 25. Qxc4 Nf8 26. Qd5 Qc7 27. Bh3 Re7 28. e3 Rbe8 29. Kf1 g6 30. h5 Kg7 31. hxg6 Nxg6 32. Qe4 b6 33. c6 f6 34. Bf5 Nf8 35. b5 a6 36. a4 axb5 37. axb5 Qa7 38. Qg4+ Kf7 39. Qh4 Qa5 40. Rxf6+ Kg8 41. Qg4+ Kh8 42. Rxh6+ Nh7 43. Bxh7 1-0

[Event "4NCL Div 2 2024-25"]
[Site "England"]
[Date "2024.11.23"]
[Round "1.12"]
[White "Menzies, Colin"]
[Black "Maciol, Ryszard"]
[Result "0-1"]
[ECO "A43"]
[WhiteElo "2199"]
[BlackElo "2125"]
[Annotator "RC"]
[PlyCount "82"]
[EventDate "2024.11.23"]
[EventType "team-tourn"]
[EventCountry "ENG"]
[SourceTitle "playchess.com"]
[Source "ChessBase"]
[SourceQuality "1"]
[TimeControl "40/6000+30:3000+30"]

1. Nf3 Nf6 2. d4 c5 3. d5 b5 4. a4 Bb7 5. e4 Nxe4 6. axb5 e6 7. dxe6 fxe6 8. Bd3 Be7 9. Qe2 Nd6 10. h4 c4 11. Bxc4 Nxc4 12. Qxc4 a6 13. bxa6 Rxa6 14. Na3 O-O 15. Be3 Qa5+ 16. Bd2 Qf5 17. Rh3 Bd5 18. Qd3 Be4 19. Qe2 Bf6 20. c3 Ra4 21. Ng5 Bxg2 22. Rg3 Rxh4 23. O-O-O Bd5 24. f3 Nc6 25. Nc2 Na5 26. Ne4 Nb3+ 27. Kb1 Bxe4 28. fxe4 Rxe4 29. Qd3 Nxd2+ 30. Rxd2 d5 31. Ne3 Qe5 32. Rdg2 h5 33. Rg1 Rb8 34. Nc2 Re2 35. Rf3 Re4 36. Qf1 Kh8 37. Nd4 Rxd4 38. cxd4 Qxd4 39. Rg2 Rxb2+ 40. Kc1 Bg5+ 41. Rxg5 Qd2# 0-1

[Event "4NCL Div 2 2024-25"]
[Site "England"]
[Date "2024.11.23"]
[Round "1.13"]
[White "Franco, Gaston"]
[Black "Verbytski, Oleg"]
[Result "0-1"]
[ECO "D61"]
[WhiteElo "2070"]
[BlackElo "1968"]
[Annotator "NA RC"]
[PlyCount "68"]
[EventDate "2024.11.23"]
[EventType "team-tourn"]
[EventCountry "ENG"]
[SourceTitle "playchess.com"]
[Source "ChessBase"]
[SourceQuality "1"]
[TimeControl "40/6000+30:3000+30"]

1. d4 d5 2. c4 e6 3. Nc3 Nf6 4. Bg5 Be7 5. Nf3 c6 6. e3 h6 7. Bh4 O-O 8. Qc2 Re8 9. Rd1 Nbd7 10. Bd3 dxc4 11. Bxc4 b5 12. Be2 Bb7 13. O-O Rc8 14. a3 a5 15. Ne5 Qc7 16. Bg3 Qb6 17. Qb3 Red8 18. f4 a4 19. Qa2 Nxe5 20. fxe5 Nd5 21. Nxd5 Rxd5 22. Bf3 Rd7 23. Bh5 Bg5 24. Bf4 Bxf4 25. Rxf4 c5 26. Qb1 cxd4 27. exd4 Rc4 28. Qd3 Qc7 29. Rdf1 Rc2 30. Rg4 Rxb2 31. Qe3 Kh8 32. Qg3 Rxg2+ 33. Qxg2 Bxg2 34. Rxg2 g6 0-1

[Event "4NCL Div 2 2024-25"]
[Site "England"]
[Date "2024.11.23"]
[Round "1.14"]
[White "Handley, Michael R"]
[Black "Serbanescu, Diana-Maria"]
[Result "1/2-1/2"]
[ECO "E70"]
[WhiteElo "1993"]
[BlackElo "1992"]
[Annotator "NA RC"]
[PlyCount "68"]
[EventDate "2024.11.23"]
[EventType "team-tourn"]
[EventCountry "ENG"]
[SourceTitle "playchess.com"]
[Source "ChessBase"]
[SourceQuality "1"]
[TimeControl "40/6000+30:3000+30"]

1. d4 Nf6 2. c4 g6 3. Nc3 Bg7 4. e4 d6 5. Nge2 O-O 6. Ng3 e5 7. d5 a5 8. Be2 Na6 9. h4 h6 10. Be3 Kh7 11. h5 g5 12. Nf1 b6 13. b3 Nc5 14. Bxc5 bxc5 15. Ne3 Bd7 16. Qc2 Kh8 17. g4 Re8 18. O-O Qc8 19. f3 Qa6 20. Nb5 Qb6 21. Kg2 Bf8 22. Rfd1 Kg8 23. Rab1 Rec8 24. a3 Bg7 25. Qd2 Ra6 26. a4 Raa8 27. Bd3 Re8 28. Bc2 Qb8 29. Qe2 Qc8 30. Rd2 Qb8 31. Nc3 Qc8 32. Rh1 Rb8 33. Kg3 Nh7 34. Qd3 Nf6 1/2-1/2

[Event "4NCL Div 2 2024-25"]
[Site "England"]
[Date "2024.11.23"]
[Round "1.15"]
[White "Quinn, John M"]
[Black "Shepherd, Tom"]
[Result "1/2-1/2"]
[ECO "D41"]
[WhiteElo "2102"]
[BlackElo "1905"]
[Annotator "NA RC"]
[PlyCount "53"]
[EventDate "2024.11.23"]
[EventType "team-tourn"]
[EventCountry "ENG"]
[SourceTitle "playchess.com"]
[Source "ChessBase"]
[SourceQuality "1"]
[TimeControl "40/6000+30:3000+30"]

1. d4 d5 2. c4 e6 3. Nc3 Nf6 4. cxd5 Nxd5 5. e4 Nxc3 6. bxc3 c5 7. Nf3 cxd4 8. cxd4 Bb4+ 9. Bd2 Bxd2+ 10. Qxd2 O-O 11. Be2 b6 12. O-O Bb7 13. Qe3 Nd7 14. Bd3 Nf6 15. h3 Rc8 16. Rac1 h6 17. Rxc8 Qxc8 18. Rc1 Qa8 19. Nd2 Rc8 20. Rxc8+ Qxc8 21. Nc4 Qc7 22. e5 Nd5 23. Qe4 g6 24. Nd6 Ba8 25. Qh4 Qc1+ 26. Bf1 Qg5 27. Qxg5 1/2-1/2

[Event "4NCL Div 2 2024-25"]
[Site "England"]
[Date "2024.11.23"]
[Round "1.16"]
[White "Alizada, Eldar"]
[Black "Lea, Daniel J"]
[Result "0-1"]
[ECO "D36"]
[WhiteElo "1998"]
[BlackElo "2006"]
[Annotator "NA RC"]
[PlyCount "120"]
[EventDate "2024.11.23"]
[EventType "team-tourn"]
[EventCountry "ENG"]
[SourceTitle "playchess.com"]
[Source "ChessBase"]
[SourceQuality "1"]
[TimeControl "40/6000+30:3000+30"]

1. d4 d5 2. c4 e6 3. Nc3 Nf6 4. cxd5 exd5 5. Bg5 Be7 6. e3 c6 7. Bd3 Nbd7 8. Nge2 O-O 9. O-O Re8 10. Qc2 h6 11. Bh4 a5 12. f3 b5 13. a3 Ba6 14. e4 dxe4 15. fxe4 Ng4 16. Bxe7 Rxe7 17. Rf4 Ne3 18. Qd2 Nc4 19. Bxc4 bxc4 20. Ng3 Nc5 21. Rd1 Nd3 22. Nf5 Re6 23. Rf3 Rb8 24. Rg3 Rg6 25. Na4 Rxg3 26. hxg3 Bc8 27. Qc3 Bxf5 28. exf5 Qd5 29. Kh2 Rb3 30. Qc2 Qxd4 31. Qe2 Rb8 32. Rd2 Qf6 33. Qe4 Qg5 34. Re2 Rd8 35. Nc3 Nc5 36. Qxc4 Qxf5 37. Qh4 Rb8 38. Rd2 Ne6 39. Qc4 Qg5 40. Rf2 Qh5+ 41. Kg1 Qe5 42. Qxc6 Qe1+ 43. Rf1 Qxg3 44. b4 Nd4 45. Qc4 Qxc3 46. Qxf7+ Kh8 47. Qe7 axb4 48. Rf8+ Rxf8 49. Qxf8+ Kh7 50. axb4 Qe1+ 51. Kh2 Qe5+ 52. Kg1 Ne2+ 53. Kf2 Qf4+ 54. Qxf4 Nxf4 55. Kf3 Nd5 56. b5 Kg6 57. Kg4 Kf6 58. Kh5 Kf5 59. g4+ Kf4 60. Kg6 Kxg4 0-1

[Event "4NCL Div 2 2024-25"]
[Site "England"]
[Date "2024.11.23"]
[Round "1.17"]
[White "Bisby, Daniel L"]
[Black "Chan, Sheng Liang Bernard"]
[Result "1-0"]
[ECO "B12"]
[WhiteElo "2290"]
[BlackElo "2101"]
[Annotator "RC"]
[PlyCount "59"]
[EventDate "2024.11.23"]
[EventType "team-tourn"]
[EventCountry "ENG"]
[SourceTitle "playchess.com"]
[Source "ChessBase"]
[SourceQuality "1"]
[TimeControl "40/6000+30:3000+30"]

1. e4 c6 2. d4 d5 3. e5 c5 4. dxc5 e6 5. Qh5 Bxc5 6. Nf3 Nc6 7. Bd3 Nb4 8. Nc3 Bd7 9. O-O Nxd3 10. cxd3 Ne7 11. Be3 Bb6 12. a4 O-O 13. Bg5 Qe8 14. a5 Bc7 15. Rfc1 Rc8 16. Qg4 Ng6 17. Re1 Bb5 18. h4 h5 19. Qxh5 Bxd3 20. Rad1 Bc2 21. Rd2 Be4 22. Nxe4 dxe4 23. Rxe4 Bxa5 24. b4 Bb6 25. Bf6 Rc1+ 26. Kh2 gxf6 27. exf6 Bc7+ 28. g3 Qa4 29. Qh6 Rh1+ 30. Kg2 1-0

[Event "4NCL Div 2 2024-25"]
[Site "England"]
[Date "2024.11.23"]
[Round "1.18"]
[White "Townsend, M Paul"]
[Black "Manmay Chopra"]
[Result "1-0"]
[ECO "A25"]
[WhiteElo "2125"]
[BlackElo "2217"]
[Annotator "RC"]
[PlyCount "107"]
[EventDate "2024.11.23"]
[EventType "team-tourn"]
[EventCountry "ENG"]
[SourceTitle "playchess.com"]
[Source "ChessBase"]
[SourceQuality "1"]
[TimeControl "40/6000+30:3000+30"]

1. c4 e5 2. Nc3 Nc6 3. e3 g6 4. d4 Bg7 5. Nf3 d6 6. Be2 Nge7 7. d5 Nb8 8. e4 a5 9. a3 h6 10. O-O O-O 11. Ne1 f5 12. Nd3 b6 13. exf5 Bxf5 14. g4 Bxd3 15. Bxd3 Na6 16. Be3 Qd7 17. f3 Kh8 18. Kg2 Qe8 19. Bc2 Qf7 20. Qd2 Ng8 21. f4 Qd7 22. f5 gxf5 23. Bxf5 Qe7 24. Bc2 Nc5 25. h3 a4 26. Rxf8 Bxf8 27. Qf2 Qg7 28. Rf1 Be7 29. Qf7 Bf6 30. Qxg7+ Kxg7 31. Nb5 Bd8 32. Nc3 Nf6 33. Bxc5 bxc5 34. Bxa4 Rb8 35. Rf2 Nh7 36. Bc2 Bh4 37. Re2 Nf8 38. Bf5 Bd8 39. Nb5 Rb6 40. a4 Ra6 41. b3 Ra5 42. Kf3 Kf6 43. Ke4 Kg5 44. h4+ Kf6 45. Rf2 Kg7 46. h5 Ra8 47. Be6 Nh7 48. Rf7+ Kh8 49. Kf5 Bh4 50. Rxc7 Rf8+ 51. Rf7 Rxf7+ 52. Bxf7 e4 53. a5 e3 54. a6 1-0

[Event "4NCL Div 2 2024-25"]
[Site "England"]
[Date "2024.11.23"]
[Round "1.19"]
[White "Sivanandan, Bodhana"]
[Black "Arnott, Jonathan W"]
[Result "1/2-1/2"]
[ECO "C03"]
[WhiteElo "2082"]
[BlackElo "2087"]
[Annotator "NA RC"]
[PlyCount "73"]
[EventDate "2024.11.23"]
[EventType "team-tourn"]
[EventCountry "ENG"]
[SourceTitle "playchess.com"]
[Source "ChessBase"]
[SourceQuality "1"]
[TimeControl "40/6000+30:3000+30"]

1. e4 e6 2. d4 d5 3. Nd2 a5 4. Ngf3 Nf6 5. exd5 exd5 6. Bd3 Bd6 7. O-O O-O 8. Re1 Nc6 9. c3 Ne7 10. Nf1 Bf5 11. Bxf5 Nxf5 12. Bg5 h6 13. Bxf6 Qxf6 14. Qd3 c6 15. Ne3 Nh4 16. Nxh4 Qxh4 17. g3 Qf6 18. Qf5 Qe6 19. Qxe6 fxe6 20. Ng4 Rae8 21. Re2 Rf5 22. Rae1 Kf7 23. f4 Re7 24. Kg2 h5 25. Ne5+ Bxe5 26. Rxe5 Rxe5 27. Rxe5 g6 28. Kf3 b5 29. Re2 Rc7 30. h3 c5 31. Ke3 Kf6 32. Rd2 c4 33. Rh2 Rh7 34. Rh1 Rh8 35. Rh2 Rh7 36. Rh1 Rh8 37. Rh2 1/2-1/2

[Event "4NCL Div 2 2024-25"]
[Site "England"]
[Date "2024.11.23"]
[Round "1.20"]
[White "Gayson, Peter M"]
[Black "Hill, Alistair"]
[Result "0-1"]
[ECO "C03"]
[WhiteElo "2087"]
[BlackElo "2076"]
[Annotator "NA RC"]
[PlyCount "100"]
[EventDate "2024.11.23"]
[EventType "team-tourn"]
[EventCountry "ENG"]
[SourceTitle "playchess.com"]
[Source "ChessBase"]
[SourceQuality "1"]
[TimeControl "40/6000+30:3000+30"]

1. e4 e6 2. d4 d5 3. Nd2 Be7 4. Ngf3 Nf6 5. e5 Nfd7 6. Bd3 c5 7. c3 b6 8. O-O Ba6 9. Bxa6 Nxa6 10. Qe2 Qc8 11. a3 O-O 12. h4 Nab8 13. h5 h6 14. Re1 cxd4 15. cxd4 Qc2 16. Qe3 Nc6 17. Nf1 Na5 18. Re2 Qh7 19. b4 Nc4 20. Qb3 a5 21. Qa4 Rfd8 22. b5 Nf8 23. Rc2 Rdc8 24. Ne3 Nxe3 25. Rxc8 Rxc8 26. Bxe3 Qd3 27. Ne1 Qe2 28. Qb3 Qxh5 29. Rc1 Rxc1 30. Bxc1 Qe2 31. Qc3 Qxb5 32. Qc7 Qc4 33. Qxc4 dxc4 34. a4 f6 35. Nc2 fxe5 36. dxe5 Nd7 37. f4 g5 38. Ne3 Bc5 39. Kf1 Bxe3 40. Bxe3 gxf4 41. Bxf4 Kg7 42. Be3 Kg6 43. Ke2 Nc5 44. Bxc5 bxc5 45. Kd2 Kf5 46. Kc3 Kxe5 47. Kxc4 Kd6 48. Kb5 e5 49. Kxa5 e4 50. Kb6 e3 0-1

[Event "4NCL Div 2 2024-25"]
[Site "England"]
[Date "2024.11.23"]
[Round "1.21"]
[White "Starley, Robert"]
[Black "Dunn, Andrew M"]
[Result "1/2-1/2"]
[ECO "B12"]
[WhiteElo "2036"]
[BlackElo "2117"]
[Annotator "NA RC"]
[PlyCount "54"]
[EventDate "2024.11.23"]
[EventType "team-tourn"]
[EventCountry "ENG"]
[SourceTitle "playchess.com"]
[Source "ChessBase"]
[SourceQuality "1"]
[TimeControl "40/6000+30:3000+30"]

1. e4 c6 2. d4 d5 3. e5 Bf5 4. h4 h5 5. Bd3 Bxd3 6. Qxd3 e6 7. Bg5 Qb6 8. b3 Qa6 9. c4 Bb4+ 10. Nd2 Nd7 11. Ngf3 Ne7 12. O-O Nf5 13. a3 Bxd2 14. Nxd2 O-O 15. Nf3 Nb6 16. Rfc1 Rac8 17. Qf1 dxc4 18. b4 Nd5 19. Qxc4 Qxc4 20. Rxc4 f6 21. Bd2 Rcd8 22. Rc2 Nb6 23. exf6 gxf6 24. Be3 Nd5 25. Bd2 Nb6 26. Be3 Nd5 27. Bd2 Nb6 1/2-1/2